TOP OF THE 1ST |
Milwaukee Brewers batting - Pitching for Cincinnati Reds : RHP Tyler Chatwood
|
Pitching: RHP Tyler Chatwood
|
|
Batting: RHB Tommy Pham
|
0-0: Foul Ball, location: 2F 0-1: Foul Ball, location: 2F 0-2: Ball 1-2: Ball 2-2: Ball 3-2: Foul Ball, location: 2F 3-2: TRIPLE (Flyball, 89XD)
|
Batting: RHB Aaron Judge
|
0-0: Ball 1-0: Called Strike 1-1: Ball 2-1: Swinging Strike 2-2: Strikes out swinging
|
Batting: RHB Logan Forsythe
|
0-0: Foul Ball, location: 2F 0-1: Foul Ball, location: 2F 0-2: Hit by Pitch
|
Batting: RHB Miguel Cabrera
|
0-0: Ball 1-0: Fly out, F9 (Flyball, 9S)
|
Batting: RHB Eugenio Suarez
|
0-0: Called Strike 0-1: Ball 1-1: Called Strike 1-2: Ball 2-2: Foul Ball, location: 2F 2-2: Ball 3-2: Foul Ball, location: 2F 3-2: SINGLE (Line Drive, 4D) Tommy Pham scores Logan Forsythe to second Logan Forsythe to third
|
Batting: LHB Seth Smith
|
0-0: Ball 1-0: Foul Ball, location: 2F 1-1: Called Strike 1-2: Foul Ball, location: 2F 1-2: Foul Ball, location: 2F 1-2: Foul Ball, location: 2F 1-2: Foul Ball, location: 2F 1-2: Ball 2-2: Ball 3-2: Base on Balls Eugenio Suarez to second
|
Batting: RHB Addison Russell
|
0-0: Called Strike 0-1: Swinging Strike 0-2: Ball 1-2: Ball 2-2: DOUBLE (Line Drive, 9LM) Logan Forsythe scores Eugenio Suarez scores Seth Smith to third Runner from 3rd tries for Home, SAFE, throw by RF to trailing runner, OUT at third! 9-4-5
|
Top of the 1st over - 4 runs, 3 hits, 0 errors, 0 left on base; Milwaukee 4 - Cincinnati 0 |
BOTTOM OF THE 1ST |
Cincinnati Reds batting - Pitching for Milwaukee Brewers : RHP Jon Gray
|
Pitching: RHP Jon Gray
|
|
Batting: RHB Trea Turner
|
0-0: Ball 1-0: Ball 2-0: Called Strike 2-1: Ground out 1-3 (Groundball, P)
|
Batting: LHB Scooter Gennett
|
0-0: Ball 1-0: Swinging Strike 1-1: Ground out 6-3 (Groundball, 6)
|
Batting: LHB Robinson Cano
|
0-0: Called Strike 0-1: Swinging Strike 0-2: Ball 1-2: Strikes out swinging
|
Bottom of the 1st over - 0 runs, 0 hits, 0 errors, 0 left on base; Milwaukee 4 - Cincinnati 0 |
TOP OF THE 2ND |
Milwaukee Brewers batting - Pitching for Cincinnati Reds : RHP Tyler Chatwood
|
Batting: RHB Jon Gray
|
0-0: DOUBLE (Flyball, 8LD)
|
Batting: SHB Tucker Barnhart
|
0-0: Ground out 6-3 (Groundball, 56)
|
Batting: RHB Tommy Pham
|
0-0: SINGLE (Groundball, 56D) Jon Gray to third Runner from 3rd tries for Home, SAFE, throw by LF to home
|
Batting: RHB Aaron Judge
|
0-0: Ball Wild Pitch! Tommy Pham to second 1-0: Fly out, F8 (Flyball, 78XD) Runner from 2nd tags up, SAFE at 3rd, no throw by CF
|
Batting: RHB Logan Forsythe
|
0-0: Ball 1-0: Ball 2-0: Ball 3-0: Base on Balls
|
Batting: RHB Miguel Cabrera
|
0-0: Called Strike 0-1: Foul Ball, location: 2F 0-2: Fielders Choice at 2nd, 6-4 (Groundball, 6)
|
Top of the 2nd over - 1 run, 2 hits, 0 errors, 2 left on base; Milwaukee 5 - Cincinnati 0 |
BOTTOM OF THE 2ND |
Cincinnati Reds batting - Pitching for Milwaukee Brewers : RHP Jon Gray
|
Batting: RHB Edwin Encarnacion
|
0-0: Called Strike 0-1: Ball 1-1: Foul Ball, location: 2F 1-2: Foul Ball, location: 2F 1-2: Foul Ball, location: 2F 1-2: Ground out 6-3 (Groundball, 6)
|
Batting: LHB Adrian Gonzalez
|
0-0: Foul Ball, location: 2F 0-1: Ground out 4-3 (Groundball, 4)
|
Batting: LHB Joey Gallo
|
0-0: Called Strike 0-1: Ball 1-1: Foul Ball, location: 2F 1-2: Ground out 6-3 (Groundball, 4M)
|
Bottom of the 2nd over - 0 runs, 0 hits, 0 errors, 0 left on base; Milwaukee 5 - Cincinnati 0 |
TOP OF THE 3RD |
Milwaukee Brewers batting - Pitching for Cincinnati Reds : RHP Tyler Chatwood
|
Batting: RHB Eugenio Suarez
|
0-0: Ball 1-0: Swinging Strike 1-1: Ball 2-1: SINGLE (Groundball, 6MD)
|
Batting: LHB Seth Smith
|
0-0: Ball 1-0: Ball 2-0: Ball 3-0: Called Strike 3-1: Base on Balls Eugenio Suarez to second
|
Batting: RHB Addison Russell
|
0-0: Ball 1-0: Ball 2-0: Called Strike 2-1: Called Strike 2-2: SINGLE (Groundball, 34D) Eugenio Suarez to third Seth Smith to second Runner from 3rd tries for Home, SAFE, throw by RF to home
|
Batting: RHB Jon Gray
|
0-0: Foul Ball, location: 2F 0-1: Ball 1-1: Swinging Strike 1-2: Strikes out swinging
|
Batting: SHB Tucker Barnhart
|
0-0: Ball 1-0: Ball 2-0: Foul Ball, location: 2F 2-1: Ball 3-1: Base on Balls Seth Smith to third Addison Russell to second
|
Batting: RHB Tommy Pham
|
0-0: Foul Ball, location: 2F 0-1: Ball 1-1: Foul Ball, location: 2F 1-2: Strikes out looking
|
Batting: RHB Aaron Judge
|
0-0: Ball 1-0: Swinging Strike 1-1: Called Strike 1-2: Foul Ball, location: 2F 1-2: Strikes out swinging
|
Top of the 3rd over - 1 run, 2 hits, 0 errors, 3 left on base; Milwaukee 6 - Cincinnati 0 |
BOTTOM OF THE 3RD |
Cincinnati Reds batting - Pitching for Milwaukee Brewers : RHP Jon Gray
|
Batting: LHB Jarrod Dyson
|
0-0: Ball 1-0: Ball 2-0: Called Strike 2-1: Ball 3-1: Hit by Pitch
|
Batting: RHB Tyler Chatwood
|
0-0: Called Strike 0-1: Sac Bunt to 23 - play at first, batter OUT! 3-4 Jarrod Dyson to second
|
Batting: RHB Devin Mesoraco
|
0-0: Ball 1-0: Ball 2-0: Ball 3-0: Base on Balls
|
Batting: RHB Trea Turner
|
0-0: Called Strike 0-1: Ball 1-1: Ball 2-1: Called Strike 2-2: Ball 3-2: Foul Ball, location: 2F 3-2: Fly out, F8 (Flyball, 8LS)
|
Batting: LHB Scooter Gennett
|
0-0: Ball 1-0: Swinging Strike 1-1: Ball 2-1: Called Strike 2-2: Foul Ball, location: 2F 2-2: Foul Ball, location: 2F 2-2: Ball 3-2: 3-RUN HOME RUN (Flyball, 9D), Distance : 380 ft
|
Batting: LHB Robinson Cano
|
0-0: SOLO HOME RUN (Flyball, 89XD), Distance : 389 ft
|
Batting: RHB Edwin Encarnacion
|
0-0: Ball 1-0: Foul Ball, location: 2F 1-1: Ground out 4-3 (Groundball, 6MD)
|
Bottom of the 3rd over - 4 runs, 2 hits, 0 errors, 0 left on base; Milwaukee 6 - Cincinnati 4 |
TOP OF THE 4TH |
Milwaukee Brewers batting - Pitching for Cincinnati Reds : RHP Tyler Chatwood
|
Batting: RHB Logan Forsythe
|
0-0: Called Strike 0-1: Swinging Strike 0-2: Ball 1-2: Strikes out swinging
|
Batting: RHB Miguel Cabrera
|
0-0: Ball 1-0: Foul Ball, location: 2F 1-1: Ball 2-1: Foul Ball, location: 2F 2-2: Ball 3-2: Base on Balls
|
Pitching: RHP Jake Peavy
|
|
Batting: RHB Eugenio Suarez
|
0-0: Ball 1-0: Foul Ball, location: 2F 1-1: Ball 2-1: Foul Ball, location: 2F 2-2: Strikes out swinging
|
Batting: LHB Seth Smith
|
0-0: Called Strike 0-1: Foul Ball, location: 2F 0-2: SINGLE (Line Drive, 78S) Miguel Cabrera to second
|
Batting: RHB Addison Russell
|
0-0: Called Strike 0-1: Foul Ball, location: 2F 0-2: Ball 1-2: Foul Ball, location: 2F 1-2: Foul Ball, location: 2F 1-2: Ball 2-2: Ground out 1-3 (Groundball, 13)
|
Top of the 4th over - 0 runs, 1 hit, 0 errors, 2 left on base; Milwaukee 6 - Cincinnati 4 |
BOTTOM OF THE 4TH |
Cincinnati Reds batting - Pitching for Milwaukee Brewers : RHP Jon Gray
|
Batting: LHB Adrian Gonzalez
|
0-0: Ball 1-0: Called Strike 1-1: Called Strike 1-2: Ball 2-2: Foul Ball, location: 2F 2-2: Foul Ball, location: 2F 2-2: Foul Ball, location: 2F 2-2: Strikes out swinging
|
Batting: LHB Joey Gallo
|
0-0: Foul Ball, location: 2F 0-1: Fly out, F4 (Line Drive, 34D)
|
Batting: LHB Jarrod Dyson
|
0-0: Ball 1-0: Foul Ball, location: 2F 1-1: Foul Ball, location: 2F 1-2: SINGLE (Groundball, 56S) (infield hit)
|
Pinch Hitting: LHB Colby Rasmus
|
0-0: Ball 1-0: Called Strike 1-1: Called Strike 1-2: Strikes out swinging
|
Bottom of the 4th over - 0 runs, 1 hit, 0 errors, 1 left on base; Milwaukee 6 - Cincinnati 4 |
TOP OF THE 5TH |
Milwaukee Brewers batting - Pitching for Cincinnati Reds : RHP Jake Peavy
|
Pitching: LHP Josh Smoker
|
|
Batting: RHB Jon Gray
|
0-0: Foul Ball, location: 2F 0-1: Fly out, F9 (Line Drive, 9)
|
Batting: SHB Tucker Barnhart
|
0-0: Ball 1-0: SINGLE (Line Drive, 4D)
|
Batting: RHB Tommy Pham
|
0-0: Swinging Strike 0-1: Swinging Strike 0-2: Ball 1-2: Foul Ball, location: 2F 1-2: Ball 2-2: Foul Ball, location: 2F 2-2: 2-RUN HOME RUN (Flyball, 7D), Distance : 365 ft
|
Batting: RHB Aaron Judge
|
0-0: Ball 1-0: Swinging Strike 1-1: Foul Ball, location: 2F 1-2: Foul Ball, location: 2F 1-2: Strikes out swinging
|
Batting: RHB Logan Forsythe
|
0-0: Called Strike 0-1: Foul Ball, location: 2F 0-2: SINGLE (Groundball, 6S) (infield hit)
|
Pitching: RHP Raisel Iglesias
|
|
Batting: RHB Miguel Cabrera
|
0-0: Ball 1-0: SINGLE (Groundball, 56D) Logan Forsythe to second
|
Batting: RHB Eugenio Suarez
|
0-0: Ball 1-0: Called Strike 1-1: Fielders Choice at 2nd, 6-4 (Groundball, 6)
|
Top of the 5th over - 2 runs, 4 hits, 0 errors, 2 left on base; Milwaukee 8 - Cincinnati 4 |
BOTTOM OF THE 5TH |
Cincinnati Reds batting - Pitching for Milwaukee Brewers : RHP Jon Gray
|
Batting: RHB Devin Mesoraco
|
0-0: Ball 1-0: Ground out 5-3 (Groundball, 5)
|
Batting: RHB Trea Turner
|
0-0: Called Strike 0-1: Called Strike 0-2: Ball 1-2: Ball 2-2: SINGLE (Line Drive, 9S)
|
Batting: LHB Scooter Gennett
|
0-0: Ball Trea Turner steals 2nd base 1-0: Foul Ball, location: 2F 1-1: Swinging Strike 1-2: Ground out 4-3 (Groundball, 4) Trea Turner to third
|
Batting: LHB Robinson Cano
|
0-0: Foul Ball, location: 2F 0-1: Foul Ball, location: 2F 0-2: Ball 1-2: Strikes out swinging
|
Bottom of the 5th over - 0 runs, 1 hit, 0 errors, 1 left on base; Milwaukee 8 - Cincinnati 4 |
TOP OF THE 6TH |
Milwaukee Brewers batting - Pitching for Cincinnati Reds : RHP Raisel Iglesias
|
Batting: LHB Seth Smith
|
0-0: Ball 1-0: Ball 2-0: Ball 3-0: Called Strike 3-1: Called Strike 3-2: Strikes out swinging
|
Batting: RHB Addison Russell
|
0-0: Ball 1-0: Fly out, F3 (Popup, 3S)
|
Pinch Hitting: RHB Jabari Blash
|
0-0: Called Strike 0-1: Foul Ball, location: 2F 0-2: Ball 1-2: Strikes out swinging
|
Top of the 6th over - 0 runs, 0 hits, 0 errors, 0 left on base; Milwaukee 8 - Cincinnati 4 |
BOTTOM OF THE 6TH |
Cincinnati Reds batting - Pitching for Milwaukee Brewers : RHP Jon Gray
|
Pitching: RHP Daniel Hudson
|
|
Batting: RHB Edwin Encarnacion
|
0-0: Ball 1-0: Called Strike 1-1: Swinging Strike 1-2: Strikes out looking
|
Batting: LHB Adrian Gonzalez
|
0-0: Ball 1-0: Swinging Strike 1-1: Called Strike 1-2: Ball 2-2: Ground out 4-3 (Groundball, 4)
|
Batting: LHB Joey Gallo
|
0-0: Fly out, F9 (Flyball, 9S)
|
Bottom of the 6th over - 0 runs, 0 hits, 0 errors, 0 left on base; Milwaukee 8 - Cincinnati 4 |
TOP OF THE 7TH |
Milwaukee Brewers batting - Pitching for Cincinnati Reds : RHP Raisel Iglesias
|
Pitching: LHP Rex Brothers
|
|
Batting: SHB Tucker Barnhart
|
0-0: Ball 1-0: Called Strike 1-1: Foul Ball, location: 2F 1-2: Ball 2-2: Foul Ball, location: 2F 2-2: Foul Ball, location: 2F 2-2: Ball 3-2: Foul Ball, location: 2F 3-2: Strikes out swinging
|
Batting: RHB Tommy Pham
|
0-0: Ball 1-0: Ball 2-0: Ball 3-0: Base on Balls
|
Pitching: LHP Felipe Rivero
|
|
Batting: RHB Aaron Judge
|
0-0: Ball 1-0: Ball 2-0: Called Strike 2-1: Ball 3-1: Base on Balls Tommy Pham to second
|
Pitching: RHP Bruce Rondon
|
|
Batting: RHB Logan Forsythe
|
0-0: Ball 1-0: Called Strike 1-1: Swinging Strike 1-2: Foul Ball, location: 2F 1-2: Foul Ball, location: 2F 1-2: Ball 2-2: Fly out, F9 (Line Drive, 9) Runner from 2nd tags up, SAFE at 3rd with throw by RF
|
Batting: RHB Miguel Cabrera
|
0-0: Swinging Strike 0-1: Ball 1-1: Swinging Strike 1-2: Ball 2-2: Strikes out looking
|
Top of the 7th over - 0 runs, 0 hits, 0 errors, 2 left on base; Milwaukee 8 - Cincinnati 4 |
BOTTOM OF THE 7TH |
Cincinnati Reds batting - Pitching for Milwaukee Brewers : RHP Daniel Hudson
|
Pitching: RHP Kyle Barraclough
|
|
Batting: LHB Jarrod Dyson
|
0-0: Called Strike 0-1: Called Strike 0-2: Ball 1-2: Strikes out swinging
|
Pinch Hitting: RHB Adam Duvall
|
0-0: Called Strike 0-1: Ball 1-1: Foul Ball, location: 2F 1-2: Strikes out swinging
|
Batting: RHB Devin Mesoraco
|
0-0: Called Strike 0-1: Called Strike 0-2: Ball 1-2: Ball 2-2: Strikes out swinging
|
Bottom of the 7th over - 0 runs, 0 hits, 0 errors, 0 left on base; Milwaukee 8 - Cincinnati 4 |
TOP OF THE 8TH |
Milwaukee Brewers batting - Pitching for Cincinnati Reds : RHP Bruce Rondon
|
Pitching: RHP Ken Giles
|
|
Batting: RHB Eugenio Suarez
|
0-0: Ball 1-0: Foul Ball, location: 2F 1-1: Ground out 4-3 (Groundball, 4)
|
Batting: LHB Seth Smith
|
0-0: Ground out U3 (Groundball, 3)
|
Batting: RHB Addison Russell
|
0-0: Ball 1-0: Ball 2-0: Ball 3-0: Called Strike 3-1: Base on Balls
|
Pinch Hitting: RHB Taylor Motter
|
0-0: SINGLE (Groundball, 6MD) Addison Russell to second Runner from 2nd tries for 3rd, SAFE, throw by CF made to third
|
Batting: SHB Tucker Barnhart
|
0-0: Called Strike 0-1: Foul Ball, location: 2F 0-2: Foul Ball, location: 2F 0-2: Ground out 4-3 (Groundball, 4)
|
Top of the 8th over - 0 runs, 1 hit, 0 errors, 2 left on base; Milwaukee 8 - Cincinnati 4 |
BOTTOM OF THE 8TH |
Cincinnati Reds batting - Pitching for Milwaukee Brewers : RHP Kyle Barraclough
|
Pitching: LHP Grant Dayton
|
|
Batting: RHB Trea Turner
|
0-0: Called Strike 0-1: Called Strike 0-2: Ball 1-2: Ground out 5-3 (Groundball, 56)
|
Batting: LHB Scooter Gennett
|
0-0: Foul Ball, location: 2F 0-1: Foul Ball, location: 2F 0-2: Ball 1-2: Strikes out swinging
|
Batting: LHB Robinson Cano
|
0-0: Called Strike 0-1: Ball 1-1: Called Strike 1-2: Strikes out swinging
|
Bottom of the 8th over - 0 runs, 0 hits, 0 errors, 0 left on base; Milwaukee 8 - Cincinnati 4 |
TOP OF THE 9TH |
Milwaukee Brewers batting - Pitching for Cincinnati Reds : RHP Ken Giles
|
Batting: RHB Tommy Pham
|
0-0: Ball 1-0: Ball 2-0: Foul Ball, location: 2F 2-1: Foul Ball, location: 2F 2-2: Strikes out swinging
|
Batting: RHB Aaron Judge
|
0-0: Called Strike 0-1: Called Strike 0-2: Strikes out looking
|
Batting: RHB Logan Forsythe
|
0-0: Ball 1-0: Called Strike 1-1: Ball 2-1: Ball 3-1: Fly out, F8 (Flyball, 8LS)
|
Top of the 9th over - 0 runs, 0 hits, 0 errors, 0 left on base; Milwaukee 8 - Cincinnati 4 |
BOTTOM OF THE 9TH |
Cincinnati Reds batting - Pitching for Milwaukee Brewers : LHP Grant Dayton
|
Pitching: LHP Andrew Miller
|
|
Batting: RHB Edwin Encarnacion
|
0-0: Ball 1-0: Ball 2-0: Ball 3-0: Called Strike 3-1: Base on Balls
|
Batting: LHB Adrian Gonzalez
|
0-0: Ball 1-0: Called Strike 1-1: DOUBLE (Line Drive, 9LS) Edwin Encarnacion to third
|
Batting: LHB Joey Gallo
|
0-0: Ground out 4-3 (Groundball, 4) Edwin Encarnacion scores Adrian Gonzalez to third
|
Batting: LHB Jarrod Dyson
|
0-0: Ground out 6-3 (Groundball, 6) Adrian Gonzalez scores
|
Pinch Hitting: SHB Yasmani Grandal
|
0-0: Called Strike 0-1: Called Strike 0-2: Foul Ball, location: 2F 0-2: Ball 1-2: Foul Ball, location: 2F 1-2: Ball 2-2: Foul Ball, location: 2F 2-2: Foul Ball, location: 2F 2-2: Fly out, F8 (Flyball, 8LM)
|
Bottom of the 9th over - 2 runs, 1 hit, 0 errors, 0 left on base; Milwaukee 8 - Cincinnati 6 |
|